Map: Buried Caverns

Players

Toasty

  • Race: Protoss Protoss
  • Spawn Location: 9:00

FlapDaddy

  • Race: Zerg Zerg
  • Spawn Location: 7:00

Jedin

  • Race: Zerg Zerg
  • League: Diamond
  • Spawn Location: 9:00

Throwfordays - Winner!

  • Race: Protoss Protoss
  • League: Silver
  • Spawn Location: 5:00

Cthulhu - Winner!

  • Race: Protoss Protoss
  • Spawn Location: 3:00

Faust - Winner!

  • Race: Protoss Protoss
  • League: Diamond
  • Spawn Location: 3:00

VOD

Have the link to the VOD?

Description

Time

  • Played on: Feb. 27, 2019, 10:26 p.m.
  • Length: 21:56
Show
View Real Time Build Order
Export as new Build Order

Toasty Protoss 

Build Orders: Dark Templar Rush 

Get SALT Encoding   

  12  0:12  Pylon  
  12  0:18  Assimilator  
  12  0:20  Probe  
  13  0:28  Probe  
  14  0:36  Probe  
  15  0:43  Pylon  
  15  0:47  Probe  
  16  0:58  Probe  
  17  1:05  Gateway  
  17  1:06  Probe  
  18  1:14  Probe  
  18  1:25  Assimilator, Probe  
  20  1:37  Probe  
  21  1:43  Gateway  
  21  1:49  Probe  
  22  1:57  Cybernetics Core  
  22  2:15  Gateway  
  22  2:20  Gateway  
  22  2:24  Warp Gate  
  22  2:41  Twilight Council  
  22  2:49  Adept  
  22  2:50  Adept  
  26  3:21  Dark Shrine  
  26  3:22  Nexus  
  26  3:52  Robotics Facility  
  26  3:56  Robotics Facility  
  26  4:00  Pylon  
  26  4:04  Pylon, Blink  
  26  4:07  Pylon  
  26  4:39  Dark Templar x2  
  26  4:41  Probe  
  31  4:49  Probe  
  31  4:58  Dark Templar  
  31  4:59  Probe  
  34  5:05  Assimilator  
  35  5:09  Assimilator  
  35  5:11  Probe  
  36  5:15  Dark Templar  
  38  5:23  Probe  
  39  5:34  Probe  
  40  5:36  Warp Prism  
  40  5:42  Probe  
  43  5:50  Probe  
  44  6:02  Probe  
  45  6:14  Probe  
  46  6:26  Probe  
  47  6:38  Probe  
  48  6:46  Probe  
  48  6:54  Probe  
  50  7:04  Probe  
  51  7:09  Nexus  
  51  7:12  Pylon  
  51  7:14  Pylon  
  51  7:16  Probe  
  51  7:17  Pylon  
  52  7:27  Pylon  
  52  7:28  Probe  
  53  7:30  Pylon  
  53  7:33  Pylon  
  53  7:41  Probe  
  44  8:15  Immortal  
  44  8:17  Immortal  
  52  8:25  Probe  
  50  8:33  Probe  
  52  8:43  Probe  
  52  8:44  Probe  
  54  8:52  Probe  
  54  8:54  Immortal  
  54  8:55  Probe  
  59  8:56  Immortal  
  59  9:02  Probe  
  64  9:07  Resonating Glaives  
  65  9:14  Probe  
  66  9:22  Forge x2  
  66  9:26  Probe  
  66  9:27  Forge  
  67  9:32  Shadow Stride  
  67  9:33  Immortal  
  67  9:35  Immortal  
  75  9:53  Stalker  
  75  9:54  Stalker x3  
  83  10:07  Probe  
  84  10:15  Probe  
  84  10:16  Assimilator  
  84  10:20  Assimilator  
  85  10:25  Probe  
  86  10:37  Probe  
  87  10:49  Probe  
  88  11:01  Probe  
  89  11:12  Stalker x4  
  97  11:24  Gateway  
  97  11:25  Gateway  
  83  12:37  Stalker x3  
  83  12:38  Stalker  
  49  13:19  Stalker  
  51  13:21  Stalker x3  
  48  15:38  Protoss Ground Weapons Level 1  
  48  15:39  Protoss Ground Armor Level 1  
  48  15:40  Protoss Shields Level 1, Stalker x2  
  48  15:41  Stalker x2  
  56  15:45  Stalker x2  
  58  16:17  Nexus  
  58  16:41  Immortal x2  
  58  16:44  Stalker x6  
  78  17:20  Immortal x2  
  86  17:36  Dark Templar x3  
  86  17:37  Dark Templar x3  
  98  18:00  Immortal  
  98  18:01  Warp Prism  
  100  18:29  Probe  
  101  18:37  Probe  
  92  20:03  Stalker x6  
  75  21:02  Pylon  
  75  21:04  Pylon  
  75  21:07  Pylon  
  75  21:10  Pylon  
  75  21:13  Pylon  
  75  21:17  Pylon  
  75  21:21  Pylon  
  75  21:24  Pylon  
  48  21:38  Dark Templar x2  
Show
View Real Time Build Order
Export as new Build Order

FlapDaddy Zerg 

Build Orders: Pool First, Swarm Host 

Get SALT Encoding   

  12  0:03  Drone  
  13  0:13  Overlord  
  13  0:20  Drone  
  14  0:32  Drone  
  14  0:33  Drone  
  16  0:40  Extractor  
  15  0:47  Spawning Pool  
  14  0:55  Drone x2  
  16  0:59  Drone  
  17  1:13  Drone  
  18  1:20  Evolution Chamber  
  18  1:22  Drone  
  18  1:35  Zergling x2  
  18  1:37  Queen  
  21  2:03  Zergling x2  
  22  2:20  Hatchery  
  21  2:29  Extractor  
  18  2:38  Zergling x2  
  18  2:39  Zergling x4  
  21  3:03  Overlord x2  
  21  3:21  Drone  
  21  3:24  Drone  
  23  3:40  Drone  
  24  3:51  Drone x2  
  24  3:52  Drone x2  
  28  3:56  Drone  
  28  3:57  Drone  
  30  4:12  Roach Warren  
  30  4:13  Hatchery  
  30  4:15  Lair  
  28  4:18  Lair  
  28  4:20  Drone x2  
  30  4:33  Drone x4  
  30  4:34  Drone  
  35  4:45  Extractor  
  34  4:47  Extractor  
  34  4:48  Drone x2  
  34  4:49  Drone  
  34  4:52  Overlord  
  36  4:57  Roach  
  38  5:20  Roach x2  
  42  5:24  Roach  
  42  5:25  Roach x2  
  48  5:34  Queen  
  50  5:38  Roach  
  52  5:48  Spire  
  51  5:55  Infestation Pit  
  50  5:57  Drone x4  
  50  6:00  Hydralisk Den  
  53  6:07  Roach x2  
  53  6:11  Overlord  
  57  6:19  Overlord  
  57  6:29  Zerg Melee Weapons Level 1  
  57  6:33  Hydralisk x2  
  61  6:48  Drone  
  61  6:49  Drone x2  
  64  6:56  Hydralisk  
  64  6:57  Hydralisk x3  
  64  7:01  Overlord  
  72  7:12  Extractor  
  72  7:14  Drone x2  
  72  7:15  Extractor  
  72  7:18  Drone  
  72  7:19  Mutalisk x2  
  77  7:23  Hydralisk  
  44  8:35  Drone x3  
  44  8:37  Mutalisk x3  
  44  8:40  Mutalisk  
  44  8:41  Mutalisk x4  
  63  9:00  Hydralisk x2  
  67  9:04  Hydralisk  
  69  9:13  Drone x3  
  72  9:18  Queen  
  74  9:29  Drone  
  75  9:32  Drone  
  75  9:33  Drone x2  
  70  10:53  Hydralisk x3  
  76  11:06  Hydralisk x3  
  82  11:14  Overlord x3  
  82  11:15  Overlord  
  82  11:16  Overlord  
  82  11:17  Overlord  
  74  12:16  Hydralisk x4  
  74  12:17  Hydralisk x5  
  74  12:20  Hydralisk x4  
  74  12:21  Hydralisk x2  
  104  12:24  Hydralisk x6  
  116  12:33  Drone  
  117  12:52  Swarm Host  
  117  12:54  Swarm Host  
  117  12:56  Swarm Host x2  
  121  13:47  Mutalisk x3  
  127  13:49  Mutalisk  
  127  13:52  Overlord x2  
  129  13:55  Overlord  
  129  13:56  Overlord x2  
  128  14:18  Hydralisk x2  
  128  14:20  Hydralisk x2  
  112  14:48  Drone x3  
  95  15:29  Drone x3  
  98  15:36  Drone x3  
  98  15:40  Drone x2  
  98  15:41  Drone  
  104  15:50  Spawning Pool  
  103  16:10  Hatchery  
  102  16:17  Hatchery  
  101  16:31  Mutalisk x3  
  107  16:34  Mutalisk x3  
  107  16:36  Mutalisk  
  107  16:37  Mutalisk x5  
  125  16:44  Queen  
  127  17:11  Drone x3  
  127  17:13  Drone  
  127  17:14  Drone x2  
  133  17:53  Mutalisk x2  
  133  17:54  Mutalisk x4  
  133  17:57  Mutalisk x3  
  151  18:00  Overseer  
  151  18:01  Overseer  
  151  18:02  Overseer x2  
  151  18:10  Drone x3  
  154  18:16  Drone  
  155  18:39  Hatchery  
  154  18:48  Hatchery  
  126  19:34  Roach, Mutalisk x5  
  36  19:56  Mutalisk  
Show
View Real Time Build Order
Export as new Build Order

Jedin Zerg 

Build Orders: Pool First 

Get SALT Encoding   

  12  0:01  Drone  
  13  0:12  Overlord  
  13  0:31  Spawning Pool  
  12  0:37  Drone  
  12  0:41  Drone  
  14  0:49  Drone  
  15  0:50  Drone  
  16  1:08  Drone  
  17  1:20  Queen  
  17  1:22  Drone  
  20  1:37  Extractor  
  20  1:38  Drone  
  20  1:40  Hatchery  
  20  1:44  Zergling x2  
  20  1:45  Zergling x2  
  21  1:56  Extractor  
  20  2:09  Queen  
  20  2:15  Overlord  
  21  2:36  Drone x2  
  24  2:37  Drone  
  24  2:52  Roach Warren  
  23  3:05  Drone  
  23  3:06  Drone x6  
  23  3:07  Drone  
  23  3:11  Queen  
  33  3:17  Queen  
  35  3:24  Metabolic Boost  
  35  3:30  Overlord  
  35  3:44  Drone  
  35  3:46  Overlord  
  36  3:57  Queen  
  36  3:58  Queen  
  36  4:00  Overlord  
  40  4:23  Roach x4  
  50  4:24  Roach  
  50  4:31  Evolution Chamber  
  50  4:35  Queen  
  51  4:48  Evolution Chamber  
  50  5:02  Roach  
  52  5:09  Hatchery  
  51  5:18  Zerg Ground Armor Level 1, Zerg Missile Weapons Level 1  
  51  5:22  Drone  
  51  5:23  Drone  
  51  5:24  Drone  
  54  5:36  Lair  
  54  5:40  Drone x2  
  56  6:05  Extractor x2  
  56  6:06  Drone  
  56  6:07  Drone x5  
  56  6:09  Overlord x2  
  60  6:33  Pneumatized Carapace  
  60  6:35  Overseer  
  60  6:54  Drone  
  60  6:55  Drone x18  
  79  7:05  Queen  
  79  7:08  Overlord  
  81  7:10  Overlord  
  81  7:21  Extractor  
  80  7:23  Extractor, Zerg Missile Weapons Level 2  
  80  7:24  Zerg Ground Armor Level 2  
  79  8:10  Nydus Network  
  78  8:12  Nydus Network  
  78  8:15  Nydus Network, Roach x3  
  78  8:19  Queen  
  84  8:20  Queen  
  84  8:23  Queen, Overlord x2  
  88  8:40  Glial Reconstitution  
  88  8:58  Overseer  
  88  9:06  Roach x2  
  88  9:07  Roach x4  
  88  9:08  Queen x3  
  106  9:11  Roach x2  
  106  9:12  Roach  
  112  9:17  Infestation Pit  
  111  9:25  Overseer  
  111  9:39  Overlord x4  
  111  10:03  Hive  
  111  10:06  Queen x2  
  115  10:19  Roach  
  115  10:20  Roach x6  
  115  10:21  Roach x4  
  135  10:22  Overlord x3, Roach  
  135  10:23  Overlord x2  
  139  10:43  Queen x2  
  143  11:17  Zerg Missile Weapons Level 3  
  143  11:18  Zerg Ground Armor Level 3  
  143  11:19  Queen x2  
  147  11:29  Roach x7  
  147  11:30  Roach x4  
  169  11:36  Nydus Canal  
  169  11:42  Nydus Canal  
  169  12:24  Queen x2  
  169  12:25  Overlord  
  173  13:04  Queen x2  
  173  13:05  Overlord  
  177  13:06  Overseer  
  177  13:08  Roach x4  
  185  13:26  Nydus Canal x3  
  167  13:40  Queen  
  169  13:41  Overseer  
  157  14:21  Nydus Canal  
  157  14:22  Nydus Canal  
  157  14:24  Nydus Canal  
  147  14:33  Overseer  
  115  15:09  Hatchery  
  115  15:11  Hydralisk Den  
  113  15:32  Nydus Canal  
  113  15:38  Roach x3  
  113  15:39  Roach x8  
  135  15:45  Overlord  
  134  16:22  Hydralisk x5  
  134  16:23  Hydralisk x6  
  156  16:26  Grooved Spines  
  156  16:50  Hydralisk x2  
  156  16:52  Zergling x10  
  165  17:20  Hydralisk  
  165  17:21  Hydralisk x8  
  183  17:37  Muscular Augments  
  183  17:44  Nydus Canal  
  183  17:45  Nydus Canal  
  183  17:46  Nydus Canal  
  183  17:55  Overseer  
  183  18:02  Hydralisk x8  
  199  18:44  Nydus Canal  
  199  19:08  Overlord  
  199  19:15  Nydus Canal  
  199  19:19  Nydus Canal  
  197  19:51  Hydralisk x6  
  176  20:07  Hydralisk  
  176  20:08  Hydralisk x9  
  144  20:43  Hydralisk  
  144  20:44  Hydralisk x8  
Show
View Real Time Build Order
Export as new Build Order

Throwfordays Protoss - Winner!

Build Orders: Nexus First, Carriers 

Get SALT Encoding   

  12  0:00  Probe  
  13  0:13  Probe  
  14  0:24  Pylon  
  14  0:25  Probe  
  15  0:42  Probe  
  16  1:00  Probe  
  16  1:02  Nexus  
  17  1:11  Pylon  
  17  1:23  Gateway  
  17  1:27  Assimilator  
  17  1:29  Probe  
  18  1:42  Probe  
  18  1:45  Forge  
  19  1:54  Probe  
  20  2:03  Gateway  
  20  2:09  Gateway  
  20  2:17  Cybernetics Core  
  20  2:29  Photon Cannon  
  20  2:37  Photon Cannon  
  20  2:38  Warp Gate  
  20  2:49  Photon Cannon  
  20  2:53  Probe  
  21  3:01  Probe  
  21  3:11  Probe  
  21  3:12  Probe  
  24  3:23  Probe  
  24  3:24  Probe  
  26  3:29  Protoss Ground Weapons Level 1  
  26  3:31  Probe  
  26  3:36  Probe  
  26  3:39  Probe  
  29  3:48  Probe  
  29  3:49  Probe  
  29  3:52  Assimilator  
  31  4:00  Probe  
  31  4:02  Probe  
  33  4:05  Assimilator  
  33  4:09  Assimilator  
  33  4:12  Probe  
  33  4:14  Probe  
  35  4:20  Gateway  
  35  4:22  Gateway  
  35  4:28  Robotics Facility  
  35  4:30  Robotics Facility, Probe  
  35  4:32  Probe  
  37  4:39  Probe  
  37  4:40  Probe  
  37  4:44  Stalker  
  41  4:46  Stalker  
  41  4:47  Probe  
  41  4:50  Probe  
  46  5:00  Probe  
  46  5:09  Pylon  
  46  5:12  Pylon  
  46  5:18  Pylon  
  46  5:20  Photon Cannon  
  46  5:23  Photon Cannon  
  46  5:24  Protoss Ground Armor Level 1  
  46  5:27  Observer, Probe  
  46  5:28  Observer  
  49  5:31  Pylon  
  49  5:39  Probe  
  49  5:41  Probe  
  51  5:46  Twilight Council  
  51  5:48  Forge  
  51  5:59  Warp Prism  
  53  6:38  Stalker x3  
  53  6:39  Stalker x2  
  63  6:41  Immortal x2  
  71  6:48  Blink  
  71  7:01  Stalker  
  71  7:03  Stalker  
  75  7:15  Nexus  
  75  7:17  Pylon  
  75  7:19  Assimilator  
  75  7:38  Photon Cannon  
  75  7:40  Photon Cannon  
  75  7:42  Photon Cannon  
  75  8:41  Protoss Ground Weapons Level 2, Protoss Ground Armor Level 2  
  75  9:04  Nexus  
  75  9:05  Pylon  
  75  9:11  Assimilator  
  75  9:12  Pylon  
  75  9:13  Nexus  
  75  9:16  Assimilator x2  
  75  9:21  Assimilator  
  75  9:23  Immortal x2  
  83  9:26  Pylon  
  83  9:54  Pylon  
  83  10:00  Pylon  
  83  10:13  Pylon  
  83  10:15  Pylon  
  83  10:17  Pylon  
  83  10:19  Probe  
  84  10:22  Photon Cannon  
  84  10:26  Photon Cannon  
  84  10:30  Photon Cannon  
  84  10:31  Probe  
  84  10:32  Photon Cannon  
  84  10:35  Probe  
  86  10:40  Photon Cannon  
  86  10:42  Photon Cannon  
  86  10:43  Probe  
  86  10:45  Photon Cannon  
  86  10:47  Probe  
  86  10:48  Stargate  
  86  10:49  Photon Cannon, Stargate  
  88  10:51  Stargate  
  88  10:53  Protoss Air Weapons Level 1, Stargate, Probe  
  88  10:55  Probe  
  89  10:57  Stargate  
  89  10:59  Stargate  
  89  11:01  Probe  
  89  11:03  Probe  
  90  11:04  Cybernetics Core  
  90  11:09  Probe  
  92  11:14  Probe  
  92  11:16  Charge  
  94  11:21  Probe  
  94  11:24  Probe  
  95  11:26  Probe  
  95  11:29  Probe  
  95  11:32  Probe  
  97  11:35  Probe  
  97  11:37  Probe  
  100  11:40  Protoss Air Armor Level 1, Probe  
  100  11:43  Forge, Probe  
  103  11:48  Probe  
  103  11:52  Probe  
  105  11:54  Probe  
  105  12:00  Probe  
  107  12:04  Probe  
  107  12:06  Phoenix x2, Probe  
  107  12:07  Phoenix x4  
  121  12:31  Phoenix x2  
  121  12:32  Fleet Beacon, Phoenix x4  
  129  12:49  Protoss Ground Weapons Level 3, Protoss Ground Armor Level 3  
  129  12:57  Protoss Shields Level 1  
  129  13:05  Phoenix x6  
  141  13:19  Anion Pulse-Crystals  
  141  13:25  Probe  
  141  13:27  Probe  
  141  13:37  Stalker x5, Probe  
  141  13:39  Probe  
  85  14:55  Probe  
  85  14:57  Probe  
  86  15:03  Probe  
  86  15:05  Probe  
  86  15:11  Probe  
  86  15:13  Nexus, Probe  
  90  15:23  Probe  
  90  15:25  Probe  
  90  15:27  Carrier  
  90  15:28  Carrier x2  
  110  15:29  Protoss Air Weapons Level 2, Protoss Air Armor Level 2  
  110  15:31  Carrier  
  116  15:35  Probe  
  116  15:36  Probe  
  116  15:37  Assimilator  
  116  15:40  Assimilator  
  116  15:41  Probe  
  119  15:44  Probe  
  119  15:46  Assimilator  
  120  15:52  Probe  
  120  15:53  Probe  
  122  16:03  Probe, Carrier  
  125  16:17  Pylon  
  125  16:20  Pylon  
  125  16:21  Probe x2  
  125  16:22  Probe  
  125  16:24  Pylon  
  125  16:25  Carrier  
  130  16:28  Pylon  
  130  16:29  Probe  
  130  16:30  Probe  
  130  16:31  Pylon, Probe  
  131  16:33  Probe  
  131  16:34  Pylon  
  131  16:38  Probe  
  131  16:39  Probe  
  134  16:41  Probe  
  134  16:45  Probe  
  138  16:47  Probe  
  138  16:48  Protoss Shields Level 2  
  138  16:50  Probe  
  138  16:52  Pylon  
  138  16:53  Probe  
  141  16:55  Pylon  
  141  16:57  Pylon, Probe  
  141  16:58  Carrier x2  
  154  17:02  Probe  
  155  17:09  Probe  
  156  17:27  Carrier  
  162  17:46  Protoss Air Weapons Level 3  
  162  17:47  Protoss Air Armor Level 3  
  162  18:25  Carrier x2  
  162  18:26  Carrier  
  179  18:51  Carrier  
Show
View Real Time Build Order
Export as new Build Order

Cthulhu Protoss - Winner!

Build Orders:  

Get SALT Encoding   

  12  0:00  Probe  
  13  0:08  Probe  
  14  0:23  Probe  
  14  0:24  Pylon  
  15  0:42  Probe  
  16  0:51  Gateway  
  16  0:53  Forge  
  16  0:57  Probe  
  17  1:05  Assimilator  
  17  1:09  Probe  
  18  1:21  Probe  
  19  1:47  Nexus  
  19  1:48  Photon Cannon  
  19  1:52  Probe  
  20  2:08  Probe  
  23  2:22  Nexus  
  21  2:26  Probe  
  22  2:35  Protoss Ground Weapons Level 1  
  22  2:37  Cybernetics Core  
  22  2:48  Pylon  
  22  2:52  Probe  
  23  3:00  Probe  
  23  3:03  Probe  
  24  3:08  Probe  
  24  3:11  Assimilator  
  26  3:14  Zealot  
  28  3:24  Warp Gate  
  28  3:25  Pylon  
  28  3:30  Probe x2  
  30  3:35  Probe  
  31  3:42  Probe x2  
  31  3:48  Probe  
  34  3:52  Twilight Council  
  34  3:53  Pylon  
  34  3:54  Probe  
  35  3:58  Probe  
  35  4:00  Probe  
  37  4:07  Photon Cannon  
  37  4:11  Blink  
  37  4:24  Robotics Facility  
  37  4:28  Stalker  
  39  4:32  Probe x3  
  39  4:37  Pylon  
  42  4:42  Assimilator  
  42  4:46  Assimilator  
  42  4:47  Assimilator x2  
  42  4:52  Probe x2  
  42  4:54  Probe  
  45  5:00  Probe x2  
  45  5:06  Probe  
  48  5:13  Observer  
  48  5:15  Probe  
  48  5:16  Probe  
  48  5:18  Probe  
  52  5:29  Gateway x2  
  52  5:31  Observer  
  53  5:35  Pylon  
  53  5:37  Pylon  
  53  5:41  Gateway  
  53  5:48  Probe  
  53  5:49  Probe x2  
  56  5:52  Stargate  
  56  5:54  Pylon  
  56  6:01  Probe  
  56  6:02  Photon Cannon  
  57  6:06  Photon Cannon  
  57  6:21  Probe x3  
  60  6:27  Photon Cannon  
  60  6:28  Zealot x3  
  66  6:40  Shield Battery  
  66  6:43  Photon Cannon  
  66  7:09  Pylon  
  66  7:14  Probe x3  
  69  7:19  Observer  
  70  7:24  Robotics Bay  
  70  7:29  Templar Archives  
  70  7:34  Dark Shrine  
  70  7:37  Pylon  
  70  7:38  Photon Cannon  
  70  7:41  Observer  
  62  7:44  Stalker x3  
  62  7:45  Zealot  
  62  8:37  High Templar x2  
  62  8:38  High Templar x2  
  70  8:48  Pylon  
  70  8:51  Protoss Ground Weapons Level 2  
  70  8:53  Pylon  
  68  9:02  Colossus, Void Ray  
  68  9:05  Extended Thermal Lance  
  68  9:06  Psionic Storm  
  78  9:17  Dark Templar x2  
  78  9:20  Dark Templar x2  
  86  9:53  Gateway x2  
  86  9:56  Colossus  
  86  9:57  Gateway x2  
  92  10:03  Photon Cannon  
  92  10:06  Photon Cannon  
  86  10:16  Stalker x4  
  88  10:24  Photon Cannon  
  84  10:44  Stalker x2  
  84  10:45  Stalker x2  
  84  10:49  Colossus, Phoenix  
  98  11:03  Nexus  
  98  11:05  Pylon  
  98  11:06  Assimilator  
  98  11:07  Pylon  
  98  11:10  Assimilator  
  98  11:14  Pylon, Phoenix  
  100  11:26  Protoss Ground Armor Level 1  
  100  11:43  Stalker  
  100  11:44  Stalker x6  
  100  11:45  Stalker  
  116  11:47  Colossus  
  121  12:41  Colossus  
  125  13:05  Pylon  
  125  14:03  Dark Templar x4  
  125  14:04  Dark Templar x4  
  139  14:29  Shadow Stride  
  139  14:56  Protoss Ground Weapons Level 3  
  137  15:23  Zealot x4  
  137  15:24  Zealot x2  
  145  15:32  Forge  
  145  15:38  Nexus  
  145  15:40  Assimilator  
  145  15:44  Assimilator  
  145  15:50  Pylon  
  145  15:55  Pylon  
  145  15:59  Pylon, Protoss Shields Level 1  
  143  16:17  Charge  
  141  17:09  Stalker  
  141  17:10  Stalker x4  
  141  17:11  Stalker x3  
  141  17:15  Pylon  
  157  17:17  Pylon  
  157  17:18  Pylon  
  157  17:21  Pylon  
  157  17:23  Pylon  
  157  17:24  Pylon  
  157  17:27  Protoss Ground Armor Level 2  
  157  17:36  Archon  
  157  17:37  Archon x3  
  141  17:58  Photon Cannon  
  141  17:59  Nexus, Photon Cannon  
  141  18:00  Photon Cannon  
  141  18:14  Stalker x5  
  141  18:15  Stalker  
  153  18:20  Assimilator x2  
  153  18:42  Protoss Air Weapons Level 1  
  153  18:50  Gravitic Boosters  
  153  19:34  Dark Templar x2  
  153  19:35  Dark Templar x6  
  152  19:58  Photon Cannon  
  147  20:02  Photon Cannon x2  
  131  20:29  Dark Templar  
  102  21:02  Dark Templar x2  
  102  21:03  Dark Templar x6  
  118  21:30  Pylon  
Show
View Real Time Build Order
Export as new Build Order

Faust Protoss - Winner!

Build Orders: Cannon Rush 

Get SALT Encoding   

  12  0:01  Probe  
  13  0:13  Probe  
  14  0:18  Pylon  
  14  0:25  Probe  
  15  0:33  Probe  
  15  0:40  Assimilator  
  15  0:41  Probe  
  17  0:52  Probe  
  17  0:54  Forge  
  18  1:09  Probe  
  19  1:16  Gateway  
  19  1:30  Pylon  
  19  1:39  Probe  
  20  1:50  Photon Cannon  
  20  1:53  Probe  
  21  1:55  Photon Cannon  
  21  1:59  Photon Cannon  
  21  2:04  Pylon  
  21  2:13  Probe  
  21  2:22  Cybernetics Core  
  21  2:24  Gateway  
  21  2:29  Pylon  
  21  2:39  Warp Gate  
  21  2:44  Assimilator  
  21  2:54  Probe  
  22  3:02  Probe  
  22  3:05  Protoss Ground Weapons Level 1  
  22  3:11  Probe  
  23  3:13  Nexus  
  23  3:17  Pylon  
  24  3:23  Probe  
  25  3:35  Probe  
  26  3:56  Photon Cannon  
  26  4:05  Probe  
  27  4:26  Pylon  
  27  4:27  Gateway  
  27  4:30  Gateway  
  27  4:35  Adept x2  
  31  4:41  Twilight Council  
  31  4:42  Probe  
  31  4:43  Probe  
  32  4:49  Protoss Ground Weapons Level 2  
  32  4:50  Probe  
  33  4:55  Probe  
  33  4:57  Adept x2  
  39  5:00  Probe  
  40  5:07  Probe  
  40  5:12  Probe  
  42  5:19  Resonating Glaives  
  42  5:22  Probe  
  42  5:24  Probe  
  44  5:35  Probe  
  45  5:36  Probe  
  45  5:42  Stargate  
  46  5:44  Adept x2, Probe  
  46  5:47  Probe  
  52  5:59  Probe x2  
  52  6:02  Gateway  
  54  6:05  Assimilator  
  54  6:07  Stalker  
  54  6:08  Assimilator  
  54  6:11  Probe  
  56  6:31  Photon Cannon  
  56  6:40  Adept x3  
  56  6:46  Pylon  
  62  6:54  Protoss Ground Weapons Level 3  
  62  6:59  Blink  
  62  7:01  Probe  
  62  7:02  Probe  
  64  7:13  Probe  
  65  7:21  Oracle  
  65  7:22  Probe  
  69  7:26  Probe  
  70  7:30  Protoss Air Weapons Level 1  
  70  7:39  Nexus  
  70  7:42  Pylon  
  70  7:44  Pylon  
  70  8:00  Probe x2  
  72  8:05  Stalker  
  72  8:06  Stalker x3  
  72  8:07  Stalker  
  72  8:12  Probe x2  
  72  8:24  Probe  
  71  8:29  Oracle  
  74  8:49  Probe  
  74  8:50  Probe x2  
  74  8:51  Charge  
  77  8:57  Probe  
  77  8:58  Probe x2  
  77  9:02  Oracle  
  80  9:07  Probe  
  80  9:08  Gateway  
  83  9:11  Gateway  
  83  9:14  Gateway  
  83  9:16  Pylon  
  84  9:18  Pylon  
  84  9:26  Pylon  
  84  9:33  Oracle  
  84  9:43  Protoss Ground Armor Level 1  
  84  9:45  Pylon  
  87  9:48  Photon Cannon  
  87  9:49  Probe x3  
  87  9:52  Photon Cannon  
  90  9:54  Assimilator  
  90  9:55  Photon Cannon  
  90  9:58  Assimilator  
  90  10:01  Probe x3  
  93  10:10  Phoenix  
  93  10:14  Stargate  
  95  10:19  Stalker  
  95  10:20  Stalker x4  
  95  10:21  Stalker x2  
  107  10:22  Stalker  
  111  10:40  Phoenix  
  111  11:48  Oracle x2  
  117  12:00  Zealot x2  
  117  12:01  Zealot x4  
  125  12:02  Zealot x2  
  121  12:25  Void Ray x2  
  111  13:08  Void Ray x2  
  97  13:53  Stalker x3  
  97  13:54  Stalker x5  
  113  14:00  Void Ray x2  
  121  14:18  Pylon  
  121  14:20  Pylon  
  121  14:24  Stargate  
  121  14:27  Stargate  
  121  14:43  Void Ray x2  
  121  14:44  Stargate  
  129  14:46  Stargate  
  129  15:26  Void Ray x2  
  137  15:36  Nexus  
  137  15:39  Pylon  
  137  15:40  Pylon, Void Ray x2  
  137  15:41  Void Ray  
  149  15:43  Assimilator  
  149  15:47  Assimilator  
  149  15:56  Void Ray  
  153  16:09  Void Ray  
  157  16:12  Probe  
  157  16:13  Probe  
  157  16:14  Probe  
  157  16:15  Void Ray  
  164  16:24  Probe  
  164  16:25  Pylon x2  
  165  16:27  Pylon  
  165  16:29  Pylon  
  165  16:30  Pylon  
  165  16:31  Photon Cannon  
  165  16:34  Photon Cannon  
  165  16:37  Pylon  
  165  16:41  Pylon  
  165  16:45  Probe x3  
  168  16:55  Void Ray x2  
  176  17:16  Cybernetics Core  
  176  17:20  Forge  
  176  17:23  Forge  
  176  17:42  Pylon  
  176  17:45  Fleet Beacon  
  176  17:54  Void Ray x5  
  176  17:55  Void Ray  
  160  19:24  Void Ray  
  160  19:25  Void Ray x4  
  180  19:39  Protoss Shields Level 1  
  168  19:50  Protoss Air Armor Level 1  
  156  19:53  Void Ray  
  160  20:07  Void Ray x2  
  160  20:08  Void Ray  
  136  20:54  Void Ray x5  
  136  20:55  Void Ray  
  156  21:35  Nexus  
  156  21:38  Pylon  
  156  21:40  Assimilator  
  156  21:44  Assimilator  
  176  21:51  Assimilator  
  176  21:53  Zealot  
  176  21:54  Zealot x4  
  184  21:56  Assimilator  
Tags
 
Add a new tag
Caveats
  • Supply blocks, unpowered buildings, or Contaminate may cause inaccurate times.
  • Supply counts are checked every 10 seconds.